 Dungeon Crawl Stone Soup version 0.25-a0-42-g6c54e25894 (webtiles) character file.

Game seed: 15424697605711937844, levelgen mode: deterministic

154 Gynju the Magician (level 5, -2/28 HPs)
             Began as a Deep Elf Fire Elementalist on Oct 23, 2019.
             Slain by Crazy Yiuf
             ... wielding a +4 quarterstaff of chaos
              (4 damage)
             ... on level 3 of the Dungeon.
             The game lasted 00:02:49 (3321 turns).

Gynju the Magician (Deep Elf Fire Elementalist)     Turns: 3321, Time: 00:02:49

Health: -2/28      AC:  6    Str:  5    XL:     5   Next: 13%
Magic:  0/13       EV: 14    Int: 21    God:
Gold:   142        SH:  0    Dex: 15    Spells: 4/12 levels left

rFire    . . .     SeeInvis .   i - +0 hand axe (chop)
rCold    . . .     Gourm    .   (no shield)
rNeg     . . .     Faith    .   a - +0 robe
rPois    .         Spirit   .   t - +1 hat
rElec    .         Reflect  .   (no cloak)
rCorr    .         Harm     .   k - +2 pair of gloves
MR       .....                  (no boots)
Stlth    ++........             (no amulet)
HPRegen  0.09/turn              (no ring)
MPRegen  0.13/turn              (no ring)

@: very slightly contaminated
A: no striking features
a: no special abilities


You were on level 3 of the Dungeon.
You were not hungry.

You visited 1 branch of the dungeon, and saw 3 of its levels.

You collected 142 gold pieces.

Inventory:

Hand Weapons
 i - a +0 hand axe of chopping (weapon)
Missiles
 d - 169 stones (quivered)
Armour
 a - a +0 robe (worn)
 k - a +2 pair of gloves (worn)
 t - a +1 hat (worn)
Jewellery
 u - an uncursed ring of protection from magic {unknown}
Wands
 p - a wand of paralysis (14)
Scrolls
 b - 2 scrolls of immolation {unknown}
 j - a scroll of amnesia {unknown}
 l - a scroll of blinking {unknown}
 m - a scroll of identify {unknown}
 o - 2 scrolls of magic mapping {unknown}
 r - 2 scrolls of remove curse {unknown}
Potions
 e - 2 potions of ambrosia {unknown}
 f - a potion of might {unknown}
 g - a potion of degeneration {unknown}
 h - a potion of agility {unknown}
 n - a potion of brilliance {unknown}
 q - a potion of resistance {unknown}
Comestibles
 c - 6 rations
 s - 2 chunks of flesh


   Skills:
 + Level 3.8 Dodging
 - Level 2.4 Stealth
 + Level 4.4 Spellcasting
 + Level 2.9 Conjurations
 + Level 4.2 Fire Magic


You had 4 spell levels left.
You knew the following spells:

 Your Spells              Type           Power        Failure   Level  Hunger
a - Flame Tongue          Conj/Fire      ###..        2%          1    None
b - Conjure Flame         Conj/Fire      ###.....     8%          3    ##.....
c - Sticky Flame          Conj/Fire      ###.....     26%         4    ####...

Your spell library contained the following spells:

 Spells                   Type           Power        Failure   Level  Hunger
 Throw Flame              Conj/Fire      ###...       4%          2    #......
 Inner Flame              Hex/Fire       ##......     14%         3    ##.....
 Fireball                 Conj/Fire      ###.......   58%         5    ######.


Dungeon Overview and Level Annotations

Branches:
Dungeon (3/15)

Altars:
Fedhas
Trog

Annotations:
D:3 Crazy Yiuf


Message History

The flame tongue hits Crazy Yiuf but does no damage.
Crazy Yiuf is heavily wounded.
Casting: Flame Tongue (safe; 2% risk of failure)
Confirm with . or Enter, or press ? or * to list all spells.
You don't have enough magic to cast that spell.
Casting: Flame Tongue (safe; 2% risk of failure)
Confirm with . or Enter, or press ? or * to list all spells.
You don't have enough magic to cast that spell.
You hit Crazy Yiuf but do no damage.
Crazy Yiuf is heavily wounded.
Crazy Yiuf hits you with a +4 quarterstaff of chaos!
Ouch! That really hurt!
Crazy Yiuf burns you.
* * * LOW HITPOINT WARNING * * *
Crazy Yiuf hits you with a +4 quarterstaff of chaos.
* * * LOW HITPOINT WARNING * * *
You closely miss Crazy Yiuf.
Crazy Yiuf is heavily wounded.
Crazy Yiuf hits you with a +4 quarterstaff of chaos.
You die...

######...#.##..### # #.
.................. .#.
#................. ####.###
#.####..#.###..### ......#
#.# #..#.###..#.#
##..>.#####.####...#........
#..<..............#.###.....
#.....#####)####.##.#.......
#.#.#.# ###@# #># #.###..#
#.#.#.###..g# #.# # #.##
###.#.# ##....# ##.# #.###.#
#.....# #....# ... #.....##
#.#.#.# #....# #.# ####....
#.#.#.# #....# #.. ####.##
#.#...# ##...# #.####....##
#.##).# ##.## #...........
#<##..# ##.# #..###.รท.(..


You could see Crazy Yiuf.

Vanquished Creatures
  Natasha (D:3)
  6 adders
  An ooze (D:1)
  A worm (D:3)
  4 leopard geckos
  An orc (D:2)
  5 giant cockroaches
  7 goblins
  7 hobgoblins
  2 jackals (D:2)
  5 kobolds
  2 quokkas (D:3)
  A ball python (D:2)
  3 bats
  3 frilled lizards
  20 rats
69 creatures vanquished.

Notes
Turn   | Place    | Note
-------+----------+-------------------------------------------
     0 | D:1      | Gynju the Deep Elf Fire Elementalist began the quest for
                  | the Orb.
     0 | D:1      | Reached XP level 1. HP: 10/10 MP: 6/6
   141 | D:1      | Reached XP level 2. HP: 15/15 MP: 5/8
  1012 | D:1      | Reached XP level 3. HP: 19/19 MP: 8/10
  1102 | D:1      | Found a blossoming altar of Fedhas.
  1556 | D:2      | Found a bloodstained altar of Trog.
  2103 | D:2      | Reached XP level 4. HP: 24/24 MP: 3/12
  2734 | D:3      | Learned a level 3 spell: Conjure Flame
  2739 | D:3      | Learned a level 4 spell: Sticky Flame
  3045 | D:3      | Noticed Natasha
  3053 | D:3      | Killed Natasha
  3053 | D:3      | Reached XP level 5. HP: 15/28 MP: 10/13
  3289 | D:3      | Found a runed translucent door.
  3290 | D:3      | Noticed Crazy Yiuf
  3321 | D:3      | Slain by Crazy Yiuf

Levels and vault maps discovered:
D:1:      erik_arrival_orb_chamber, layout_basic, nrook_uturn,
          kennysheep_flooded_box
D:2:      minmay_chambers_of_ones, layout_basic, bloody_trog
D:3:      layout_loops_ring, first_ration, uniq_crazy_yiuf_cottage,
          uniq_natasha, uniq_ijyb

Skill      XL: |  1  2  3  4 |
---------------+-------------+-----
Dodging        | 3 |  3.8
Conjurations   | 2 |  2.9
Spellcasting   | 4 |  4.4
Fire Magic     | 4 |  4.2
Stealth        | |  2.4

Action                   |  1- 3 |  4- 6 || total
-------------------------+-------+-------++-------
Melee: Unarmed           |    14 |       ||    14
       Hand axe          |       |     2 ||     2
 Cast: Flame Tongue      |    73 |    50 ||   123
       Conjure Flame     |       |     1 ||     1
  Eat: Chunk             |     3 |     4 ||     7
Armor: Robe              |     9 |     3 ||    12
Dodge: Dodged            |    24 |     5 ||    29

Table legend:
 A = Non-vault XP
 B = Vault XP
 C = Vault XP percentage of total XP
 D = Non-vault monster count
 E = Vault monster count
 F = Vault count percentage of total count
                 A         B        C        D         E       F
            +---------+---------+-------+---------+---------+-------
      Total |     154 |      66 |  30.0 |      51 |      18 |  26.1
            +---------+---------+-------+---------+---------+-------
        D:1 |      29 |      12 |  29.3 |      13 |      12 |  48.0
        D:2 |      77 |      19 |  19.8 |      24 |       5 |  17.2
        D:3 |      48 |      35 |  42.2 |      14 |       1 |   6.7
            +---------+---------+-------+---------+---------+-------
